 Dungeon Crawl Stone Soup version 0.27.0-1-g7a089689b8 (webtiles) character file.

Game seed: 11620126224825000788

348 stebl the Magician (level 6, -2/69 HPs)
             Began as a Djinni Fire Elementalist on Aug 8, 2021.
             Slain by Grinder (3 damage)
             ... on level 4 of the Dungeon.
             The game lasted 00:13:23 (5813 turns).

stebl the Magician (Djinni Fire Elementalist)       Turns: 5813, Time: 00:13:24

Health: -2/69      AC: 23    Str:  7    XL:     6   Next: 91%
Gold:   152        EV:  2    Int: 18    God:
                   SH:  0    Dex: 14

rFire    . . .     SeeInvis .   e - +0 whip
rCold    . . .     Faith    .   (no shield)
rNeg     + + +     Spirit   .   (armour currently unavailable)
rPois    ∞         Reflect  .   (helmet currently unavailable)
rElec    .         Harm     .   (cloak currently unavailable)
rCorr    .         Rampage  .   (gloves currently unavailable)
Will     .....     NoTele   +   (boots unavailable)
Stlth    ++........             (no amulet)
HPRegen  0.21/turn              (no ring)
MPRegen  0.00/turn              (no ring)

@: tree-form
A: stationary, stasis, torment immunity, boosted hp, sickness immunity, (fire
resistance 2), (cold vulnerability 1), float, innate caster, hp casting, extra
vitality 1
a: no special abilities


You were on level 4 of the Dungeon.
You were a tree.
You visited 1 branch of the dungeon, and saw 5 of its levels.

You collected 152 gold pieces.

Inventory:

Hand Weapons
 e - a +0 whip (weapon)
Armour
 a - a +0 robe (melded)
 k - a +0 helmet (melded)
 r - a +1 pair of gloves (melded)
Jewellery
 i - a +6 ring of strength
 m - a +6 ring of intelligence
Wands
 g - a wand of paralysis (12)
Scrolls
 f - a scroll of enchant armour
 j - a scroll of silence {unknown}
 l - a scroll of enchant weapon {unknown}
 o - a scroll of fear
 p - a scroll of fog {unknown}
 q - a scroll of noise {unknown}
Potions
 d - a potion of resistance
 h - 4 potions of lignification
 n - 2 potions of curing {unknown}
 s - a potion of ambrosia


   Skills:
 + Level 3.4 Fighting
 - Level 2.1 Dodging
 - Level 1.5 Stealth
 * Level 4.7 Spellcasting


You couldn't memorise any spells.
You knew the following spells:

 Your Spells              Type           Power      Damage    Failure   Level
a - Foxfire               Conj/Fire      84%        2x1d8     1%          1
b - Conjure Flame         Conj/Fire      21%        6-21      6%          3
c - Inner Flame           Hex/Fire       21%        N/A       6%          3
d - Sticky Flame          Conj/Fire      21%        2d4       19%         4
e - Fireball              Conj/Fire      10%        3d6       47%         5
f - Corona                Hex            23%        N/A       1%          1
g - Wereblood             Tmut           21%        N/A       3%          2
Your spell library was empty.

Dungeon Overview and Level Annotations

Branches:
Dungeon (5/15)
 Temple: D:4-7

Altars:

Annotations:
D:4 Grinder


Innate Abilities, Weirdness & Mutations

You are a tree.
Your roots penetrate the ground, keeping you stationary.
You cannot be teleported.
You are immune to unholy pain and torment.
Your maximum health is greatly increased.
Your equipment is partially melded.
You are immune to sickness and miasma.
You are immune to poison.
((Your flesh is very heat resistant. (rF++)))
((You are vulnerable to cold. (rC-)))
You float through the air rather than walking.
You learn spells naturally, not from books.
Your magical power is your life essence.
You have superior vitality. (+4 HP)


Message History

Confirm with . or Enter, or press ? or * to list all spells.
You conjure some foxfire!
* * * LOW HITPOINT WARNING * * *
Grinder gestures at you.
You suddenly lose the ability to move!
The foxfire hits Grinder.
Grinder is severely wounded.
The foxfire hits Grinder.
Grinder is severely wounded.
Grinder hits you but does no damage. Grinder hits you but does no damage. x3
Grinder barely misses you. Grinder hits you but does no damage.
You can move again.
You hit Grinder.
Grinder is almost dead.
Grinder hits you.
* * * LOW HITPOINT WARNING * * *
You closely miss Grinder.
Grinder is almost dead.
Grinder gestures at you. You resist with some effort.
You closely miss Grinder.
Grinder is almost dead.
Grinder hits you.
* * * LOW HITPOINT WARNING * * *
You closely miss Grinder.
Grinder is almost dead.
Grinder gestures at you. You resist with some effort.
Grinder says, "My boss said I was rubbish.
His entrails said otherwise."
Grinder hits you.
* * * LOW HITPOINT WARNING * * *
You hit Grinder but do no damage.
Grinder is almost dead.
Grinder hits you but does no damage.
You hit Grinder.
Grinder is almost dead.
Grinder hits you.
You die...

#........###.#
#...............
#........# #.#
#...............
#........###.#
#........#######
#####......#.#
###...........#
#......#.#
#.####.####.#
#........# #.#
#...##.#
##########
#.####....#.#
#####
#####.........#.##
#...#
#♣5........<).....
#...#
#.................
#...#
#####...........##
######...#
#......######
.....#...####
#......#
............#
#......#
............#
#......#
............#
####.###
............#
#.########


You could see Grinder.

Vanquished Creatures
  A phantom (D:4)
  2 hounds
  2 hound skeletons (D:4)
  Robin (D:3)
  5 adders
  3 gnolls (D:4)
  2 worms (D:2)
  2 dart slugs (D:2)
  4 orcs
  3 ball pythons
  8 bats
  9 endoplasms
  A giant cockroach (D:1)
  13 goblins
  11 hobgoblins
  3 quokkas
  7 frilled lizards
  10 kobolds
  3 rats (D:1)
90 creatures vanquished.

Vanquished Creatures (collateral kills)
  2 foxfires
2 creatures vanquished.

Vanquished Creatures (others)
  267 foxfires
  2 plants (D:3)
269 creatures vanquished.

Grand Total: 361 creatures vanquished

Notes
Turn   | Place    | Note
-------+----------+-------------------------------------------
     0 | D:1      | stebl the Djinni Fire Elementalist began the quest for the
                  | Orb.
     0 | D:1      | Reached XP level 1. HP: 15/15 MP: 0/0
   315 | D:1      | Reached XP level 2. HP: 19/22 MP: 0/0
   417 | D:1      | Found a faded altar of an unknown god.
   613 | D:1      | Reached skill level 1 in Fighting
   930 | D:1      | Reached XP level 3. HP: 25/27 MP: 0/0
   930 | D:1      | Learned a level 1 spell: Corona
   934 | D:1      | Reached skill level 3 in Spellcasting
  1786 | D:2      | Reached XP level 4. HP: 25/32 MP: 0/0
  2837 | D:3      | Noticed Robin
  2866 | D:3      | Killed Robin
  3404 | D:3      | Reached XP level 5. HP: 37/38 MP: 0/0
  3404 | D:3      | Learned a level 2 spell: Wereblood
  4309 | D:4      | Noticed a phantom
  4324 | D:4      | Killed a phantom
  4325 | D:4      | Reached skill level 4 in Spellcasting
  4325 | D:4      | Reached XP level 6. HP: 15/45 MP: 0/0
  5732 | D:5      | Entered Level 5 of the Dungeon
  5772 | D:5      | Noticed Grinder
  5786 | D:4      | Paralysed by Grinder for 4 turns
  5792 | D:4      | Paralysed by Grinder for 4 turns
  5801 | D:4      | Paralysed by Grinder for 7 turns
  5810 | D:4      | HP: 2/69 [Grinder (4)]
  5813 | D:4      | Slain by Grinder

Illustrated notes

Levels and vault maps discovered:
D:1:      minmay_arrival_wavy_path, layout_loops_ring,
          ebering_ecumenical_altar_sacrificial
D:2:      kennysheep_the_goblin_king, layout_basic
D:3:      layout_basic, grunt_decor_clamped, minmay_lizard_king, uniq_robin
D:4:      layout_basic
D:5:      layout_loops_ring, uniq_blork_the_orc, uniq_ijyb, uniq_edmund,
          uniq_grinder

Skill      XL: |  1  2  3  4  5  6 |
---------------+-------------------+-----
Fighting       | 1 2 3 |  3.4
Spellcasting   | 3 4 |  4.7
Dodging        | |  2.1
Stealth        | |  1.5

Action                   |  1- 3 |  4- 6 || total
-------------------------+-------+-------++-------
Melee: Whip              |       |    10 ||    10
 Cast: Foxfire           |    76 |   122 ||   198
       Corona            |     1 |     2 ||     3
       Conjure Flame     |       |     5 ||     5
       Inner Flame       |       |     4 ||     4
       Sticky Flame      |       |     1 ||     1
  Use: Scroll            |       |     5 ||     5
       Potion            |       |     1 ||     1
Armor: Robe              |     1 |    17 ||    18
       Skin              |       |     9 ||     9
Dodge: Dodged            |     5 |    37 ||    42
